 Dungeon Crawl Stone Soup version 0.30-a0-2-gf48d83f5e2 (webtiles) character file.

Game seed: 14786996434152115411

167 greasedhog the Chiller (level 5, -2/28 HPs)
             Began as a Gargoyle Ice Elementalist on Aug 20, 2022.
             Slain by an iguana (12 damage)
             ... on level 4 of the Dungeon.
             The game lasted 00:05:53 (4056 turns).

greasedhog the Chiller (Gargoyle Ice Elementalist)  Turns: 4056, Time: 00:05:54

Health: -2/28      AC:  6    Str: 12    XL:     5   Next: 48%
Magic:  8/9        EV: 11    Int: 17    God:
Gold:   141        SH:  3    Dex: 10    Spells: 3/10 levels left

rFire   . . .      SeeInvis .    g - +3 short sword
rCold   . . .      Faith    .    c - +0 buckler
rNeg    + . .      Spirit   .    a - +0 robe
rPois   ∞          Reflect  .    (no helmet)
rElec   +          Harm     .    (no cloak)
rCorr   .          Rampage  .    (no gloves)
Will    .....                    (no boots)
Stlth   ++........               (no amulet)
HPRegen 0.09/turn                (no ring)
MPRegen 0.11/turn                (no ring)

@: no status effects
A: sickness immunity, AC +4, negative energy resistance 1, electricity
resistance, torment resistance 1, petrification resistance
a: no special abilities


You were on level 4 of the Dungeon.
You visited 1 branch of the dungeon, and saw 4 of its levels.

You collected 141 gold pieces.

Inventory:

Hand Weapons
 g - a +3 short sword (weapon)
Missiles
 j - 2 atropa-tipped darts
Armour
 a - a +0 robe (worn)
 c - a +0 buckler (worn)
Jewellery
 d - a ring of see invisible
Wands
 q - a wand of digging (6)
Scrolls
 r - a scroll of fear {unknown}
 s - a scroll of teleportation {unknown}
 t - a scroll of identify {unknown}
Potions
 b - a potion of magic
 e - a potion of haste {unknown}
 f - 4 potions of brilliance {unknown}
 h - a potion of berserk rage {unknown}
 i - 2 potions of might {unknown}
 k - 2 potions of flight {unknown}
 l - a potion of heal wounds {unknown}
 m - 2 potions of curing {unknown}
 n - a potion of attraction {unknown}
 o - 2 potions of invisibility {unknown}
 p - a potion of lignification {unknown}
 u - a potion of degeneration {unknown}


   Skills:
 - Level 1.5 Dodging
 * Level 4.1 Stealth
 * Level 3.3 Spellcasting
 * Level 5.0 Ice Magic


You had 3 spell levels left.
You knew the following spells:

 Your Spells              Type           Power      Damage    Failure   Level
a - Freeze                Ice            76%        1d9       3%          1
b - Frozen Ramparts       Ice            38%        1d6       9%          3
c - Ozocubu's Armour      Ice            19%        N/A       9%          3

Your spell library contained the following spells:

 Spells                   Type           Power      Damage    Failure   Level
 Summon Small Mammal      Summ           8%         N/A       24%         1
 Scorch                   Fire           4%         2d5       34%         2
 Call Canine Familiar     Summ           2%         N/A       56%         3
 Summon Guardian Golem    Hex/Summ       2%         N/A       56%         3
 Hailstorm                Conj/Ice       11%        3d5       63%         4
 Flame Wave               Conj/Fire      2%         2d4       93%         4
 Fulminant Prism          Conj/Hex       1%         3d6       93%         4
 Iskenderun's Mystic Bla  Conj/Tloc      2%         2d3       93%         4
 Lee's Rapid Deconstruct  Erth           1%         3d5*      100%        5
 Summon Cactus Giant      Summ           1%         N/A       100%        6


Dungeon Overview and Level Annotations

Branches:
Dungeon (4/15)
 Temple: D:4-7

Altars:


Innate Abilities, Weirdness & Mutations

You are immune to sickness and miasma.
Your stone body is resilient. (AC +4)
You are immune to poison.
You resist negative energy. (rN+)
You are resistant to electric shocks. (rElec)
You are resistant to unholy torment.
You are immune to petrification.


Message History

The iguana is heavily wounded.
The iguana bites you.
You barely miss the iguana.
The iguana is heavily wounded.
You block the iguana's attack.
You barely miss the iguana.
The iguana is heavily wounded.
The iguana bites you!
You are too injured to fight recklessly!
You are too injured to fight recklessly!
You are too injured to fight recklessly!
You are too injured to fight recklessly!
You are too injured to fight recklessly!
You are too injured to fight recklessly!
You are too injured to fight recklessly!
You are too injured to fight recklessly!
You are too injured to fight recklessly!
You are too injured to fight recklessly!
You are too injured to fight recklessly!
You are too injured to fight recklessly!
You are too injured to fight recklessly!
You are too injured to fight recklessly!
You are too injured to fight recklessly!
You are too injured to fight recklessly!
You are too injured to fight recklessly!
You are too injured to fight recklessly!
Casting: Freeze (safe; 3% risk of failure)
Confirm with . or Enter, or press ? or * to list all spells.
You don't know that spell.
Sorry, you're not good enough to have a special ability.
Unknown command.
Casting: Freeze (safe; 3% risk of failure)
Confirm with . or Enter, or press ? or * to list all spells.
Aiming: Freeze (safe; 3% risk of failure)
Press: ? - help, Shift-Dir - straight line, f - iguana
Aim: an iguana (heavily wounded)
You freeze the iguana.
The iguana is almost dead.
The iguana seems to slow down.
The iguana bites you!
You die...

..#. #.#. ....## #
#.##.. #.#.##.#
#.#.##.#
#....#.######.
#.l@..†.......
.....#...#.#######
#### ### #####.#
...# #.# #.# #.#
#.######## #.##
##......... #..#
#.#.######## ##.#
.# #. #.
.###†......# #.#
.#^#.##.


You could see an iguana (slow).

Vanquished Creatures
  An orc priest (D:4)
  An orc wizard (D:4)
  2 adders
  2 worms (D:4)
  12 orcs
  3 bats
  4 endoplasms
  A giant cockroach (D:4)
  13 goblins
  10 hobgoblins
  4 kobolds
  5 quokkas
  5 ball pythons
  5 frilled lizards
  2 rats
70 creatures vanquished.

Notes
Turn   | Place    | Note
-------+----------+-------------------------------------------
     0 | D:1      | greasedhog the Gargoyle Ice Elementalist began the quest
                  | for the Orb.
     0 | D:1      | Reached XP level 1. HP: 10/10 MP: 3/3
   561 | D:1      | Reached XP level 2. HP: 11/15 MP: 3/5
  1513 | D:2      | Found a faded altar of an unknown god.
  1617 | D:2      | Reached XP level 3. HP: 19/19 MP: 3/6
  2254 | D:2      | Reached XP level 4. HP: 24/24 MP: 8/8
  2259 | D:2      | Learned a level 3 spell: Frozen Ramparts
  2263 | D:2      | Learned a level 3 spell: Ozocubu's Armour
  3766 | D:4      | Reached XP level 5. HP: 28/28 MP: 2/9
  3927 | D:4      | Reached skill level 5 in Ice Magic
  4056 | D:4      | Slain by an iguana

Illustrated notes

Levels and vault maps discovered:
D:1:      lightli_arrival_statue_moat, layout_loops_ring
D:2:      layout_basic, shapermc_ecumenical_altar_starsandcircs,
          dk_noncrumbling_2, minmay_goblin_outpost
D:3:      layout_basic, ebering_dispersal_statue_hall
D:4:      layout_loops_ring, serial_shops, nicolae_shop_trees,
          grunt_decor_resistance

Skill      XL: |  1  2  3  4  5 |
---------------+----------------+-----
Stealth        | 3 4 |  4.1
Spellcasting   | 3 |  3.3
Ice Magic      | 5 |  5.0
Dodging        | |  1.5

Action                   |  1- 3 |  4- 6 || total
-------------------------+-------+-------++-------
Melee: Dagger            |     8 |       ||     8
       Short sword       |    21 |    51 ||    72
 Cast: Freeze            |    45 |    25 ||    70
       Ozocubu's Armour  |       |     1 ||     1
       Frozen Ramparts   |       |     1 ||     1
  Use: Scroll            |       |     3 ||     3
 Stab: Sleeping          |     2 |     5 ||     7
Armor: Robe              |    12 |    18 ||    30
Dodge: Dodged            |    34 |    32 ||    66
Block: Buckler           |     6 |     5 ||    11

Table legend: (Time is in decaauts)
 A = Elapsed time spent in this place.
 B = Non-inter-level travel time spent in this place.
 C = Inter-level travel time spent in this place.
 D = Time resting spent in this place.
 E = Time spent auto-exploring this place.
 F = Levels seen in this place.
 G = Mean time per level.
                   A        B        C        D        E       F      G
               +--------+--------+--------+--------+--------+-----+--------+
         Total |   4064 |   3969 |     95 |    531 |   2908 |   4 | 1016.0 |
       Dungeon |   4064 |   3969 |     95 |    531 |   2908 |   4 | 1016.0 |
               +--------+--------+--------+--------+--------+-----+--------+

Top non-repeatable levels by time:
     D:1: 1359 daAuts
     D:3: 1144 daAuts
     D:2: 1080 daAuts
     D:4: 479 daAuts
